AoeStats
← Cuervo

African Clearing

506013784Analyzed
4v4 RM · 20d ago on Sep 12, 2026· 27m 55s· 8 players
Game mode
Random Map
Map size
Large (8 player)
Population
200
Speed
Normal
Resources
Standard
Victory
Conquest
Starting age
Dark Age
Ending age
Imperial Age
RankedLock teamsTeams togetherTeam positionsShared explorationLock speedFull tech treeHidden civsTurbo modeCheats
Victory
Defeat
🇨🇱 Khmer · Chile
1125
+11
🇦🇷 Spanish · Argentina
1042
+15
🇦🇷 Japanese · Argentina
975
+17
🇦🇷 Hindustanis · Argentina
966
+19
🇨🇳 Magyars · China
1080
-18
🇨🇦 Bengalis · Canada
1018
-16
🇦🇷 Jurchens · Argentina
971
-14
🇺🇸 Chinese · United States
970
-14
TOE KNEE SAI
5:22 Loom
17:17 Feudal Age
19:13 Gold Mining
22:41 Bloodlines
Quack Y Attack
3:55 Loom
13:32 Feudal Age
14:16 Double-Bit Axe
20:57 Castle Age
19:57 Bloodlines
20:46 Scale Barding Armor
23:15 Horse Collar
GerAoe
5:18 Loom
14:51 Feudal Age
巨炮叔叔
12:01 Loom
13:47 Feudal Age
16:56 Double-Bit Axe
20:15 Castle Age
18:19 Stone Mining
18:14 Horse Collar
Cuervo
5:02 Loom
14:13 Feudal Age
18:29 Castle Age
16:56 Double-Bit Axe
18:07 Stone Mining
20:31 Gold Mining
25:19 Wheelbarrow
VZ | Thyrfing
11:12 Loom
13:55 Feudal Age
17:19 Castle Age
15:43 Double-Bit Axe
17:44 Fletching
CasquetE
7:18 Loom
14:48 Feudal Age
19:35 Castle Age
19:20 Stone Mining
19:42 Double-Bit Axe
GenericSiren331
17:21 Feudal Age
20:48 Double-Bit Axe
23:39 Bloodlines
25:05 Forging
Connection lost

Rejoining the realm…

Still unreachable

The connection could not be restored.

Session expired

The server has moved on; the page needs a fresh start.